 Dungeon Sprint DCSS version 0.27.1-1-g398f81649c (webtiles) character file.

Game seed: 5701615975326117010

114 styxcanada the Covert (level 4, -2/23 HPs)
             Began as a Spriggan Brigand on Sept 16, 2021.
             Was an Initiate of Gozag.
             Slain by a flying skull (5 damage)
             ... in the Dungeon (Sprint VII: "The Pits").
             The game lasted 00:01:40 (107 turns).

styxcanada the Covert (Spriggan Brigand)             Turns: 107, Time: 00:01:40

Health: -2/23      AC:  3    Str:  7    XL:     4   Next: 67%
Magic:  5/5        EV: 18    Int: 12    God:    Gozag
Gold:   198        SH:  0    Dex: 17    Spells: 3/3 levels left

rFire    . . .     SeeInvis +   l - +2 mace (vorpal)
rCold    . . .     Faith    .   (shield restricted)
rNeg     . . .     Spirit   .   b - +0 robe
rPois    .         Reflect  .   (helmet restricted)
rElec    .         Harm     .   c - +0 cloak
rCorr    .         Rampage  .   (gloves unavailable)
Will     .....     NoTele   +   (boots unavailable)
Stlth    +++++.....             (no amulet)
HPRegen  0.07/turn              (no ring)
MPRegen  0.09/turn              (no ring)

@: on berserk cooldown, slowed, quick
A: very small, no large weapons, unfitting armour, see invisible, speed 3
a: Renounce Religion, Potion Petition, Call Merchant, Bribe Branch


You were in the Dungeon.
You worshipped Gozag.
Gozag was aware of your devotion.
You visited 1 branch You collected 198 gold pieces.

Inventory:

Hand Weapons
 a - a +2 dagger
 l - a +2 vorpal mace (weapon)
Missiles
 d - 8 poisoned darts (quivered)
 e - 2 curare-tipped darts
 n - 10 stones
Armour
 b - a +0 robe (worn)
 c - a +0 cloak (worn)
Scrolls
 k - a scroll of blinking
Potions
 f - a potion of curing
 h - a potion of haste
 i - 4 potions of magic
 j - 2 potions of berserk rage
 m - 2 potions of invisibility


   Skills:
 * Level 2.9 Fighting
 + Level 3.1 Short Blades
 + Level 2.5 Throwing
 * Level 4.0 Dodging
 * Level 12.9 Stealth


You had 3 spell levels left.
You didn't know any spells.
Your spell library was empty.

Dungeon Overview and Level Annotations

Branches:
Dungeon (1/1)

Altars:
Ashenzari
Cheibriados
Dithmenos
Elyvilon
Fedhas
Gozag
Hepliaklqana
Kikubaaqudgha
Makhleb
Nemelex Xobeh
Okawaru
Qazlal
Ru
Sif Muna
Trog
Uskayaw
Vehumet
Wu Jian
Xom
Yredelemnul
Zin
The Shining One
Beogh
Jiyva
Lugonu


Innate Abilities, Weirdness & Mutations

You are very small and have problems with some larger weapons.
You are too small for most types of armour.
You have supernaturally acute eyesight. (SInv)
You cover ground extremely quickly. (Speed+++)


Message History

You strike the helpless jackal from behind!
You impale the jackal!!
You kill the jackal!
You are no longer berserk.
You are exhausted.
You feel yourself slow down. The jackal completely misses you.
The flying skull is distracted by your dazzling golden aura.
The jackal bites you.
You see here 54 gold pieces.
The flying skull gives a hideous shriek!
You hit the jackal but do no damage.
The flying skull is no longer distracted by gold.
The jackal is distracted by your dazzling golden aura.
You barely miss the jackal.
The jackal is no longer distracted by gold.
The jackal is distracted by your dazzling golden aura.
You closely miss the jackal.
The jackal is no longer distracted by gold.
The flying skull hits you!
Ouch! That really hurt!
The jackal misses you. The flying skull hits you.
* * * LOW HITPOINT WARNING * * *
The jackal barely misses you.
You see here a +0 dagger.
There is an open door, spattered with blood here.
You see here 54 gold pieces.
You see here 54 gold pieces.
You feel much better. The flying skull misses you.
The flying skull barely misses you. The flying skull hits you!
l - a +2 vorpal mace (weapon)
The flying skull hits you but does no damage.
You barely miss the flying skull. The flying skull closely misses you.
The flying skull hits you!
* * * LOW HITPOINT WARNING * * *
The flying skull barely misses you.
You miss the flying skull. The flying skull misses you.
The flying skull hits you.
You die...
Your body crumbles into a pile of gold.

#_________.#
#_________.#
#_______...###########++
##########'##...........
#.?..')))'.##......#..#.
##########.##...........
#...........'...........
+#####'#####......#..#.
#..@zh##...........
#####$#####'#####++
#...).##.......#
#..h..##.......#
###'####.......#
#....$##...<...#
#.z......##.......#
#........##.......#
###########.......#


You could see a flying skull and a jackal.

Vanquished Creatures
  A floating eye (D)
  An adder zombie (D)
  An orc (D)
  A bat skeleton (D)
  3 jackals (D)
  A ball python (D)
  A bat (D)
  A kobold (D)
10 creatures vanquished.

Notes
Turn   | Place    | Note
-------+----------+-------------------------------------------
     0 | D        | styxcanada the Spriggan Brigand began the quest for the
                  | Orb.
     0 | D        | Reached XP level 1. HP: 10/10 MP: 2/2
     9 | D        | Noticed a floating eye
    12 | D        | Killed a floating eye
    13 | D        | Reached skill level 12 in Stealth
    13 | D        | Reached XP level 2. HP: 16/16 MP: 3/3
    13 | D        | Reached XP level 3. HP: 19/19 MP: 4/4
    13 | D        | Reached XP level 4. HP: 23/23 MP: 5/5
    15 | D        | Found a bloodstained altar of Trog.
    15 | D        | Found a shimmering blue altar of Sif Muna.
    15 | D        | Found a viscous altar of Jiyva.
    15 | D        | Found a hazy altar of Hepliaklqana.
    15 | D        | Found an opulent altar of Gozag.
    16 | D        | Found a glowing golden altar of the Shining One.
    16 | D        | Found a glowing silver altar of Zin.
    16 | D        | Found a basalt altar of Yredelemnul.
    16 | D        | Found a shimmering altar of Xom.
    16 | D        | Found an ornate altar of the Wu Jian Council.
    16 | D        | Found a sacrificial altar of Ru.
    16 | D        | Found a stormy altar of Qazlal.
    16 | D        | Found an iron altar of Okawaru.
    16 | D        | Found a sparkling altar of Nemelex Xobeh.
    16 | D        | Found a burning altar of Makhleb.
    16 | D        | Found a blossoming altar of Fedhas.
    16 | D        | Found a white marble altar of Elyvilon.
    16 | D        | Found a shadowy altar of Dithmenos.
    16 | D        | Found a snail-covered altar of Cheibriados.
    17 | D        | Found a radiant altar of Vehumet.
    17 | D        | Found a corrupted altar of Lugonu.
    18 | D        | Found an ancient bone altar of Kikubaaqudgha.
    18 | D        | Found a hide-covered altar of Uskayaw.
    18 | D        | Found a broken altar of Ashenzari.
    20 | D        | Became a worshipper of Gozag Ym Sagoz the Greedy
    74 | D        | Noticed a flying skull
   107 | D        | Slain by a flying skull

Illustrated notes

Levels and vault maps discovered:
D:        pitsprint [storerooms_1, entrance_room_1, metal_vault_2, armoury_1,
          mini_pit_1, grid_room_1, main_hall_1, silver_pit, the_coven_1,
          the_vestibule_1, steel_vault_3, golden_pit, hallway_of_sentries,
          crystal_vault_2, iron_vault_1, final_vault]

Skill      XL: |  1  2  3  4 |
---------------+-------------+-----
Fighting       | 2 |  2.9
Short Blades   | 3 |  3.1
Dodging        | 3 4 |  4.0
Stealth        | 12 | 12.9
Throwing       | |  2.5

Action                   |  1- 3 |  4- 6 || total
-------------------------+-------+-------++-------
Melee: Dagger            |     1 |    16 ||    17
       Mace              |       |     2 ||     2
  Use: Potion            |       |     2 ||     2
 Stab: Sleeping          |     1 |     5 ||     6
       Distracted        |       |     1 ||     1
Armor: Robe              |       |     1 ||     1
Dodge: Dodged            |       |    17 ||    17
